 Dungeon Crawl Stone Soup version 0.19.0-23-gf02e663 (webtiles) character file.

66 Rrauwl the Magician (level 3, 0/28 HPs)
             Began as a Draconian Wizard on Nov 19, 2016.
             Succumbed to a goblin's poison
             ... on level 2 of the Dungeon.
             The game lasted 00:12:36 (892 turns).

Rrauwl the Magician (Draconian Wizard)               Turns: 892, Time: 00:12:36

Health: 0/28       AC:  6    Str: 10    XL:     3   Next: 96%
Magic:  6/8        EV: 12    Int: 18    God:
Gold:   27         SH:  0    Dex:  9    Spells: 1 memorised, 8 levels left

rFire  . . .     SeeInvis .     g - +0 mace (protect)
rCold  . . .     Gourm    .     (armour unavailable)
rNeg   . . .     Faith    .     (no shield)
rPois  .         Spirit   .     a - +0 hat
rElec  .         Reflect  .     (no cloak)
rCorr  .         Harm     .     (no gloves)
MR     .....                    e - +0 pair of boots
Stlth  ++........               (no amulet)
                                (no ring)
                                j - ring of wizardry

@: lethally poisoned (0 -> -3)
A: unfitting armour, cold-blooded, AC +5
a: no special abilities


You were on level 2 of the Dungeon.
You were not hungry.

You visited 1 branch of the dungeon, and saw 2 of its levels.

You collected 27 gold pieces.

Inventory:

Hand Weapons
 f - a +0 hunting sling
 g - a +0 mace of protection (weapon)
Missiles
 i - 72 stones (quivered)
Armour
 a - a +0 hat (worn)
 e - a +0 pair of boots (worn)
Jewellery
 j - a ring of wizardry (left hand)
Books
 b - a book of Minor Magic

   Spells                             Type                      Level
   a - Magic Dart                     Conjuration                  1
   b - Blink                          Translocation                2
   c - Call Imp                       Summoning                    2
   d - Repel Missiles                 Charms/Air                   2
   e - Slow                           Hexes                        2
   f - Conjure Flame                  Conjuration/Fire             3
   g - Mephitic Cloud                 Conjuration/Poison/Air       3
Comestibles
 c - a bread ration
 d - 7 chunks of flesh


   Skills:
 + Level 1.0 Fighting
 + Level 1.2 Maces & Flails
 - Level 2.0 Dodging
 - Level 2.0 Stealth
 + Level 3.5 Spellcasting
 + Level 2.2 Conjurations
   Level 1.0 Summonings
   Level 1.0 Translocations


You had 8 spell levels left.
You knew the following spells:

 Your Spells              Type           Power        Failure   Level  Hunger
a - Magic Dart            Conj           ##..         3%          1    None


Dungeon Overview and Level Annotations

Branches:
Dungeon (1/15)

Altars:

Annotations:
D:2 Robin


Innate Abilities, Weirdness & Mutations

Your plain brown scales are hard. (AC +5)
You cannot fit into any form of body armour.
You are cold-blooded and may be slowed by cold attacks.


Message History

* * * LOW HITPOINT WARNING * * *
You feel sick.
* * * LOW HITPOINT WARNING * * *
You feel sick.
There is a lethal amount of poison in your body!
Memorise Slow, consuming 2 spell levels and leaving 6?
Your memorisation is interrupted.
* * * LOW HITPOINT WARNING * * *
You feel sick.
Casting: Magic Dart
Confirm with . or Enter, or press ? or * to list all spells.
You don't know that spell.
* * * LOW HITPOINT WARNING * * *
You feel sick.
Some of the chunks of flesh in your inventory have rotted away.
* * * LOW HITPOINT WARNING * * *
You feel sick.
* * * LOW HITPOINT WARNING * * *
You feel sick.
You die...

############
.......@...#
#######
##########.#
##≈≈≈≈≈≈ #.##
##≈≈≈≈≈≈≈ #..#
#≈≈≈.....
##.##
#≈≈...... #..#
#≈≈..####
##.###≈≈..#...
#).#≈≈≈).'÷..
##)#≈≈≈..#)..


There were no monsters in sight!

Vanquished Creatures
  An adder (D:2)
  An ooze (D:1)
  A dart slug (D:1)
  A ball python (D:1)
  3 giant cockroaches (D:1)
  14 goblins (D:2)
  6 hobgoblins
  5 jackals
  5 bats
  A frilled lizard (D:1)
  2 kobolds
  4 rats
44 creatures vanquished.

Vanquished Creatures (others)
  A leopard gecko (D:1)
  A goblin (D:1)
  A frilled lizard (D:1)
3 creatures vanquished.

Grand Total: 47 creatures vanquished

Notes
Turn   | Place    | Note
-------+----------+-------------------------------------------
     0 | D:1      | Rrauwl the Draconian Wizard began the quest for the Orb.
     0 | D:1      | Reached XP level 1. HP: 14/14 MP: 4/4
    68 | D:1      | Reached XP level 2. HP: 15/20 MP: 0/6
   497 | D:1      | Reached XP level 3. HP: 26/26 MP: 4/7
   555 | D:1      | You fall through a shaft!
   826 | D:2      | Noticed Robin
   827 | D:2      | Reached skill level 1 in Maces & Flails
   866 | D:2      | Reached skill level 1 in Fighting
   889 | D:2      | HP: 1/28 [poisoned by a goblin]
   892 | D:2      | Succumbed to a goblin's poison

Skill      XL: |  1  2  3 |
---------------+----------+-----
Stealth        | 2 |  2.0
Dodging        | 2 |  2.0
Conjurations   | 2 |  2.2
Maces & Flails | 1 |  1.2
Fighting       | 1 |  1.0
Spellcasting   | |  3.5
Summonings     | |  1.0
Translocations | |  1.0

Action                   || total
-------------------------++-------
Melee: Unarmed           ||     5
       Mace              ||    73
       Tailslap          ||     6
 Cast: Magic Dart        ||    49
  Use: Potion            ||     2
       Scroll            ||     2
 Stab: Sleeping          ||     1
Armor: Skin              ||    35
Dodge: Dodged            ||    63
